Selects Air and Sea Battlegroup
Construct Section Command Post
Selects Commando Section Paradrop
Construct Platoon Command Post
Unlock Bishop Self-propelled Artillery
Selects Commando Support Section Paradrop
6-pounder Anti-tank Gun Team
Construct Company Command Post
Selects Anti-tank Rocket Loiter
Construct Field Infirmary
Commando Support Section Paradrop
Bishop Self-propelled Artillery
Unlock Towed 17-pounder Anti-tank Guns
6-pounder Anti-tank Gun Team
17-pounder Anti-tank Gun Team